 Dungeon Crawl Stone Soup version 0.18.1-50-g88ac8fd (webtiles) character file.

138 Krapule the Grasshopper (level 5, -8/34 HPs)
             Began as a Halfling Warper on Oct 2, 2016.
             Mangled by a river rat (9 damage)
             ... on level 3 of the Dungeon.
             The game lasted 00:09:08 (2987 turns).

Krapule the Grasshopper (Halfling Warper)           Turns: 2987, Time: 00:09:09

Health: -8/34      AC:  5    Str: 12    XL:     5   Next: 45%
Magic:  8/8        EV: 15    Int: 12    God:
Gold:   128        SH:  0    Dex: 14    Spells: 2 memorised, 5 levels left

rFire  . . .     SeeInvis .     a - +0 falchion
rCold  . . .     Gourm    .     b - +0 leather armour
rNeg   + . .     Faith    .     (shield restricted)
rPois  .         Spirit   .     r - +0 helmet
rElec  .         Dismiss  .     (no cloak)
rCorr  .         Reflect  .     k - +0 pair of gloves
SustAt .         Harm     .     (no boots)
MR     .....                    (no amulet)
Stlth  ++........               (no ring)
                                o - ring of positive energy

@: not resistant to hostile enchantments, unstealthy
A: mutation resistance 1
a: no special abilities


You were on level 3 of the Dungeon.
You were not hungry.

You visited 1 branch of the dungeon, and saw 3 of its levels.

You collected 128 gold pieces.

Inventory:

Hand Weapons
 a - a +0 falchion (weapon)
Missiles
 e - 5 tomahawks of dispersal (quivered)
 l - 10 tomahawks
Armour
 b - a +0 leather armour (worn)
 k - a +0 pair of gloves (worn)
 r - a +0 helmet (worn)
Jewellery
 o - a ring of positive energy (left hand)
Scrolls
 d - a scroll of blinking
 g - 2 scrolls of identify {unknown}
 n - a scroll of amnesia {unknown}
 p - 2 scrolls of teleportation {unknown}
 t - a scroll of recharging {unknown}
 u - a scroll of immolation {unknown}
 w - a scroll of remove curse {unknown}
Potions
 h - 3 potions of might {unknown}
 i - a potion of agility {unknown}
 j - 2 potions of lignification {unknown}
 m - 5 potions of degeneration {unknown}
 q - a potion of flight {unknown}
 v - a potion of curing {unknown}
Books
 c - a book of Spatial Translocations

   Spells                             Type                      Level
   a - Apportation                    Translocation                1
   b - Blink                          Translocation                2
   c - Shroud of Golubria             Charms/Translocation         2
   d - Portal Projectile              Translocation                3
   e - Teleport Other                 Translocation                3
   f - Passage of Golubria            Translocation                4
Comestibles
 f - 3 bread rations
 s - 5 fruits


   Skills:
 + Level 2.1 Fighting
 + Level 2.8 Long Blades
 - Level 2.0 Throwing
 + Level 2.0 Armour
 + Level 3.0 Dodging
 + Level 1.6 Stealth
 - Level 2.0 Spellcasting
 + Level 3.7 Translocations


You had 5 spell levels left.
You knew the following spells:

 Your Spells              Type           Power        Failure   Level  Hunger
a - Apportation           Tloc           ##........   10%         1    ##.....
b - Blink                 Tloc           N/A          14%         2    ###....


Dungeon Overview and Level Annotations

Branches:
Dungeon (3/15)

Altars:
Qazlal


Innate Abilities, Weirdness & Mutations

You are small and have problems with some larger weapons.
You are somewhat resistant to further mutation.


Message History

You hit the river rat.
The river rat is heavily wounded.
The river rat bites you.
* * * LOW HITPOINT WARNING * * *
The river rat barely misses you.
You hit the river rat.
The river rat is almost dead.
The river rat bites you.
* * * LOW HITPOINT WARNING * * *
You barely miss the river rat.
The river rat is almost dead.
The river rat closely misses you.
You slash the river rat!
You kill the river rat!
You hit the river rat but do no damage. The river rat bites you!
* * * LOW HITPOINT WARNING * * *
You hit the river rat but do no damage.
The rat twitches its whiskers.
The river rat bites you!
You die...

#...≈#++##
##...≈≈≈≈≈#
#.....≈≈≈≈#
#.........#
#.........#
#.##†######
#...r#
####r# #@#
##.# #..#
#.## ##.#
#..# ##.##
#..# ##.##


You could see a river rat and a rat.

Vanquished Creatures
  Robin (D:2)
  3 adders
  A river rat (D:3)
  2 worms
  3 dart slugs (D:1)
  7 bats
  2 giant cockroaches (D:2)
  17 goblins
  10 hobgoblins
  11 jackals
  2 ball pythons (D:3)
  5 giant newts
  4 kobolds
  6 rats
74 creatures vanquished.

Notes
Turn   | Place    | Note
--------------------------------------------------------------
     0 | D:1      | Krapule the Halfling Warper began the quest for the Orb.
     0 | D:1      | Reached XP level 1. HP: 14/14 MP: 3/3
    61 | D:1      | Reached XP level 2. HP: 15/19 MP: 4/4
   703 | D:1      | Reached XP level 3. HP: 16/24 MP: 5/5
  1394 | D:2      | Learned a level 2 spell: Blink
  1524 | D:2      | Reached XP level 4. HP: 21/29 MP: 6/6
  2324 | D:2      | Noticed Robin
  2335 | D:2      | Killed Robin
  2335 | D:2      | Reached skill level 1 in Stealth
  2335 | D:2      | Reached XP level 5. HP: 27/34 MP: 7/7
  2689 | D:2      | Found a stormy altar of Qazlal.
  2986 | D:3      | HP: 1/34 [river rat (7)]
  2987 | D:3      | Mangled by a river rat

Skill      XL: |  1  2  3  4  5 |
---------------+----------------+-----
Fighting       | 2 |  2.1
Throwing       | 2 |  2.0
Stealth        | 1 |  1.6
Spellcasting   | 2 |  2.0
Armour         | 2 |  2.0
Dodging        | 3 |  3.0
Long Blades    | |  2.8
Translocations | |  3.7

Action                   |  1- 3 |  4- 6 || total
-------------------------+-------+-------++-------
Melee: Falchion          |   114 |   168 ||   282
 Stab: Sleeping          |       |     1 ||     1
  Eat: Chunk             |     1 |     6 ||     7
Armor: Leather armour    |    33 |    64 ||    97
Dodge: Dodged            |    73 |   213 ||   286
